 Dungeon Crawl Stone Soup version 0.30.0-18-gc0e69614cb (webtiles) character file.

Game seed: 11678792582604591620

604 Edyrem the Sneak (level 7, -4/44 HPs)
             Began as a Kobold Brigand on May 23, 2023.
             Slain by a wyvern (10 damage)
             ... on level 4 of the Dungeon.
             The game lasted 00:05:55 (2889 turns).

Edyrem the Sneak (Kobold Brigand)                   Turns: 2889, Time: 00:05:56

Health: -4/44      AC:  5    Str:  8    XL:     7   Next: 70%
Magic:  7/7        EV: 16    Int: 12    God:
Gold:   157        SH:  0    Dex: 19    Spells: 6/6 levels left

rFire   . . .        b - +0 short sword (speed)
rCold   . . .        (no shield)
rNeg    . . .        f - +0 leather armour
rPois   .            (no helmet)
rElec   .            c - +0 cloak
rCorr   .            (no gloves)
SInv    .            j - +0 pair of boots
Will    .....        (no amulet)
Stlth   +++++        (no ring)
HPRegen 0.27/turn    (no ring)
MPRegen 0.10/turn

%: no passive effects
@: no status effects
A: small, no large weapons, nightstalker 3
a: no special abilities


You were on level 4 of the Dungeon.
You visited 1 branch of the dungeon, and saw 5 of its levels.

You collected 157 gold pieces.

Inventory:

Hand Weapons
 a - a +2 dagger
 b - a +0 short sword of speed (weapon)
 t - a +0 short sword of electrocution
Missiles
 d - 15 poisoned darts (quivered)
 e - 3 curare-tipped darts
 k - 6 boomerangs
Armour
 c - a +0 cloak (worn)
 f - a +0 leather armour (worn)
 j - a +0 pair of boots (worn)
 r - a +0 robe
Wands
 p - a wand of flame (14)
Scrolls
 g - 7 scrolls of identify {unknown}
 l - 2 scrolls of poison {unknown}
 m - 2 scrolls of teleportation {unknown}
 n - a scroll of blinking {unknown}
 o - a scroll of amnesia {unknown}
 q - a scroll of vulnerability {unknown}
Potions
 h - 3 potions of curing {@q2}
 i - a potion of magic {unknown}
 s - a potion of might {unknown}
 u - a potion of lignification {unknown}
 v - a potion of invisibility {unknown}


   Skills:
 + Level 4.7 Fighting
 + Level 5.7 Short Blades
 - Level 2.1 Throwing
 + Level 4.6 Dodging
 + Level 7.7 Stealth


You had 6 spell levels left.
You didn't know any spells.
Your spell library was empty.

Dungeon Overview and Level Annotations

Branches:
Dungeon (5/15)
 Temple: D:4-7

Altars:


Innate Abilities, Weirdness & Mutations

You are small and have problems with some larger weapons.
You are completely attuned to the shadows.


Message History

There is an open door here.
Found 5 stones.
Found 9 stones.
You see here 9 stones.
Found a stone staircase leading up.
There is a stone staircase leading up here.
You climb upwards.
There is a stone staircase leading down here.
The helpless adder fails to defend itself.
You perforate the adder like a sieve!!!
You kill the adder!
An endoplasm comes into view.
The helpless endoplasm fails to defend itself.
You impale the endoplasm!!
You kill the endoplasm!
Done exploring.
(D) Dungeon
Where to? (Enter - D:3, ? - help)
There is a stone staircase leading down here.
You climb downwards.
There is a stone staircase leading up here.
A wyvern is nearby!
Found a stone staircase leading down.
There is a stone staircase leading up here.
A wyvern is nearby!
The wyvern hisses angrily.
You hit the wyvern but do no damage. The wyvern bites you!
You hit the wyvern.
The wyvern is moderately wounded.
The wyvern bites you!
You hit the wyvern. You punch the wyvern, but do no damage.
The wyvern is moderately wounded.
You hit the wyvern but do no damage.
The wyvern is moderately wounded.
The wyvern bites you!
* * * LOW HITPOINT WARNING * * *
You hit the wyvern.
The wyvern is moderately wounded.
The wyvern bites you!
You die...

...#
#..##
#...####
#....#..
##......
##<......
#...@....
#.#..l...
#.##...>.
#.#......
#.#.....#
#...


You could see a wyvern.

Vanquished Creatures
  Sigmund (D:2)
  3 black bears
  Crazy Yiuf (D:2)
  Terence (D:2)
  3 adders
  A white imp (D:3)
  4 worms
  A dart slug (D:1)
  An orc (D:3)
  6 bats
  9 endoplasms
  A giant cockroach (D:2)
  7 goblins
  4 hobgoblins
  2 jackals (D:3)
  7 kobolds
  2 quokkas (D:3)
  5 ball pythons
  3 frilled lizards
  5 rats
67 creatures vanquished.

Notes
Turn   | Place    | Note
-------+----------+-------------------------------------------
     0 | D:1      | Edyrem the Kobold Brigand began the quest for the Orb.
     0 | D:1      | Reached XP level 1. HP: 12/12 MP: 1/1
    75 | D:1      | Reached XP level 2. HP: 18/18 MP: 2/2
   272 | D:1      | Found a faded altar of an unknown god.
   285 | D:1      | Reached XP level 3. HP: 22/22 MP: 3/3
   731 | D:2      | Found a runed translucent door.
   734 | D:2      | Noticed Crazy Yiuf
   739 | D:2      | Killed Crazy Yiuf
   740 | D:2      | Reached skill level 6 in Stealth
   740 | D:2      | Reached XP level 4. HP: 27/27 MP: 4/4
   956 | D:2      | Noticed Terence
   959 | D:2      | Killed Terence
  1030 | D:2      | Reached XP level 5. HP: 25/32 MP: 5/5
  1616 | D:2      | Noticed Sigmund
  1656 | D:2      | Killed Sigmund
  1657 | D:2      | Reached XP level 6. HP: 13/38 MP: 6/6
  2024 | D:3      | Reached skill level 7 in Stealth
  2315 | D:3      | You fall into a shaft and drop 2 floors!
  2315 | D:5      | Entered Level 5 of the Dungeon
  2381 | D:5      | Noticed a black bear
  2385 | D:5      | Killed a black bear
  2386 | D:5      | Reached skill level 5 in Short Blades
  2386 | D:5      | Reached XP level 7. HP: 43/43 MP: 7/7
  2875 | D:4      | Noticed a wyvern
  2889 | D:4      | Slain by a wyvern

Illustrated notes

Levels and vault maps discovered:
D:1:      dpeg_arrival_water_temple_mockup, layout_rooms,
          dreamdust_ecumenical_altar_grove, serial_park_tiny_1
D:2:      layout_basic, uniq_crazy_yiuf_cottage, uniq_sigmund, uniq_terence
D:3:      layout_rooms
D:4:      layout_basic
D:5:      layout_basic, serial_shops, nicolae_shop_tiny_real_fake_doors

Skill      XL: |  1  2  3  4  5  6 |
---------------+-------------------+-----
Short Blades   | 3 4 5 |  5.7
Dodging        | 2 3 4 |  4.6
Stealth        | 6 7 |  7.7
Fighting       | 3 4 |  4.7
Throwing       | |  2.1

Action                     |  1- 3 |  4- 6 |  7- 9 || total
---------------------------+-------+-------+-------++-------
  Melee: Dagger            |    38 |    93 |       ||   131
         Short sword       |       |     6 |    57 ||    63
         Punch             |       |       |     2 ||     2
  Throw: Dart              |       |     5 |       ||     5
    Use: Potion            |       |     1 |       ||     1
   Stab: Sleeping          |    17 |    22 |     3 ||    42
 Armour: Leather armour    |     5 |    16 |    18 ||    39
  Dodge: Dodged            |     7 |    59 |    44 ||   110
